 Dungeon Crawl Stone Soup version 0.25-a0-730-g633e9c3c14 (webtiles) character file.

Game seed: 2242288511707863120, levelgen mode: deterministic

21239 TimmyIs the Thaumaturge (level 12, 0/80 HPs)
             Began as a Grey Draconian Ice Elementalist on Apr 6, 2020.
             Was an Elder of Sif Muna.
             Slain by a jumping spider (11 damage)
             ... on level 3 of the Lair of Beasts on Apr 7, 2020.
             The game lasted 01:16:27 (17349 turns).

TimmyIs the Thaumaturge (DrIE)                     Turns: 17349, Time: 01:16:28

Health: 0/80       AC: 15    Str: 18 (19) XL:     12   Next: 52%
Magic:  21/27      EV:  8    Int: 23      God:    Sif Muna [****..]
Gold:   770        SH:  0    Dex: 15      Spells: 9/33 levels left

rFire    . . .     SeeInvis .   I - +3 scimitar "Niaphaih" {vorpal, rN+ Str+8 Dex+4}
rCold    . . .     Gourm    .   (no shield)
rNeg     + . .     Faith    +   (armour unavailable)
rPois    .         Spirit   .   (helmet restricted)
rElec    .         Reflect  .   (no cloak)
rCorr    .         Harm     .   m - +1 pair of gloves
MR       +....                  (no boots)
Stlth    +++.......             g - amulet of faith
HPRegen  0.23/turn              u - +2 ring of intelligence
MPRegen  0.20/turn              H - ring of protection from magic

@: frozen ramparts, held, studying Evocations
A: walk through water, unfitting armour, deterioration 1, frail 1, mutation
resistance 1, unbreathing, cold-blooded, AC +13
a: Channel Magic, Forget Spell, Divine Exegesis, Renounce Religion


You were on level 3 of the Lair of Beasts.
You worshipped Sif Muna.
Sif Muna was greatly pleased with you.
You were not hungry.

You visited 2 branches of the dungeon, and saw 14 of its levels.

You collected 826 gold pieces.
You spent 56 gold pieces at shops.

Inventory:

Hand Weapons
 a - a +1 hand axe of venom
 s - a +3 vampiric hand axe
 C - the +8 hand axe "Ofi Tiaf" {vorpal, Dex+4}
   (You found it on level 8 of the Dungeon)

   It inflicts extra damage upon your enemies.
   It affects your dexterity (+4).
 G - the +5 dagger of Peril {venom, rC+ rN+ Str+3}
   (You found it on level 8 of the Dungeon)

   It poisons the flesh of those it strikes.
   It affects your strength (+3).
   It protects you from cold.
   It protects you from negative energy.
 I - the +3 scimitar "Niaphaih" (weapon) {vorpal, rN+ Str+8 Dex+4}
   (You found it on level 8 of the Dungeon)

   It inflicts extra damage upon your enemies.
   It affects your strength (+8).
   It affects your dexterity (+4).
   It protects you from negative energy.
Missiles
 A - 41 poisoned darts (quivered)
 D - 170 arrows
Armour
 m - a +1 pair of gloves (worn)
Jewellery
 g - an amulet of faith (around neck)
 u - a +2 ring of intelligence (left hand)
 F - an uncursed ring of resist corrosion
 H - a ring of protection from magic (right hand)
 J - an uncursed ring of flight
 K - an uncursed amulet of inaccuracy
 O - a +3 ring of dexterity
 T - a cursed ring of attention
Wands
 j - a wand of flame (46)
 o - a wand of acid (6)
 p - a wand of disintegration (17)
 v - a wand of random effects (15)
 w - a wand of digging (8)
 N - a wand of clouds (6)
 Q - a wand of iceblast (20)
 S - a wand of paralysis (7)
 U - a wand of polymorph (7)
Scrolls
 d - a scroll of amnesia
 e - 3 scrolls of remove curse
 h - 3 scrolls of enchant armour
 l - a scroll of fear
 n - 5 scrolls of teleportation
 x - 3 scrolls of identify
 y - 2 scrolls of fog
 P - a scroll of immolation
Potions
 c - 4 potions of lignification
 i - a potion of flight
 k - 5 potions of cancellation
 q - a potion of curing
 r - 2 potions of brilliance
 t - a potion of magic
 B - a potion of ambrosia {unknown}
 E - a potion of might {unknown}
 M - 3 potions of stabbing
 R - a potion of haste {unknown}
 V - a potion of berserk rage {unknown}
Books
 z - a manual of Evocations
Miscellaneous
 L - a lightning rod (4/4)
Comestibles
 b - 25 rations


   Skills:
 + Level 3.5 Fighting
 + Level 3.1 Long Blades
 + Level 4.3 Axes
 + Level 5.4 Dodging
 + Level 3.8 Stealth
 + Level 11.2 Spellcasting
 + Level 6.0 Conjurations
 + Level 1.3 Summonings
 + Level 1.0 Transmutations
 + Level 11.1 Ice Magic
 + Level 6.2 Earth Magic
 * Level 6.0 Invocations


You had 9 spell levels left.
You knew the following spells:

 Your Spells              Type           Power        Failure   Level  Hunger
a - Freeze                Ice            ####         1%          1    None
b - Frozen Ramparts       Ice            ######       1%          3    None
d - Hailstorm             Conj/Ice       ######..     1%          4    None
e - Stone Arrow           Conj/Erth      #####.       1%          3    None
f - Ice Form              Ice/Tmut       #####...     4%          4    None
g - Lee's Rapid Deconstr  Erth           #####.....   11%         5    ####...
h - Summon Ice Beast      Ice/Summ       #####...     3%          4    None

Your spell library contained the following spells:

 Spells                   Type           Power        Failure   Level  Hunger
 Foxfire                  Conj/Fire      ####         1%          1    None
 Magic Dart               Conj           ####         1%          1    None
 Sandblast                Erth           #####.       1%          1    None
 Ensorcelled Hibernation  Hex/Ice        #####.       1%          2    None
 Passwall                 Tmut/Erth      ####....     1%          2    None
 Searing Ray              Conj           #####.       1%          2    None
 Ozocubu's Armour         Chrm/Ice       #####...     1%          3    None
 Beastly Appendage        Tmut           ###...       3%          1    None
 Corona                   Hex            ##.....      4%          1    None
 Call Imp                 Summ           ###.....     4%          2    None
 Sticks to Snakes         Tmut           ###.....     4%          2    None
 Conjure Flame            Conj/Fire      ####....     4%          3    None
 Dazzling Flash           Conj/Hex       ####..       4%          3    None
 Mephitic Cloud           Conj/Pois/Air  ###.....     6%          3    None
 Blink                    Tloc           N/A          8%          2    None
 Slow                     Hex            ##......     8%          2    None
 Petrify                  Tmut/Erth      ####....     11%         4    None
 Spider Form              Tmut/Pois      ###.......   12%         3    None
 Confusing Touch          Hex            ##......     14%         3    None
 Tukima's Dance           Hex            ##......     14%         3    None
 Sticky Flame             Conj/Fire      ####....     14%         4    None
 Inner Flame              Hex/Fire       ##......     16%         3    None
 Bolt of Magma            Conj/Fire/Erth ####......   26%         5    ####...
 Irradiate                Conj/Tmut      ####......   32%         5    ####...
 Fireball                 Conj/Fire      ####......   36%         5    ####...
 Cause Fear               Hex            ##........   43%         4    None
 Blade Hands              Tmut           ###.......   65%         5    ####...
 Dragon Form              Tmut           ###.......   100%        7    #######
 Lehudib's Crystal Spear  Conj/Erth      #####.....   100%        8    #######
 Dragon's Call            Summ           ###.......   100%        9    #######


Dungeon Overview and Level Annotations

Branches:
Dungeon (11/15)            Temple (0/1) D:5            Lair (3/6) D:10
  Swamp (0/4) Lair:2       Spider (0/4) Lair:3
    Orc: D:9-12

Altars:
Ashenzari
Dithmenos
Elyvilon
Fedhas
Kikubaaqudgha
Makhleb
Nemelex Xobeh
Okawaru
Qazlal
Sif Muna
Trog
Uskayaw
Vehumet
The Shining One

Shops:
D:7 ?   D:8 (   D:10 (?

Portals:
Gauntlet: D:11

Annotations:
Lair:2 3 runed translucent doors, exclusion: player ghost, vurker's ghost, journeyman DEAE


Innate Abilities, Weirdness & Mutations

You can walk through water.
Your dull iron-grey scales are very hard. (AC +13)
You cannot fit into any form of body armour.
You can survive without breathing.
You are cold-blooded and may be slowed by cold attacks.
Your body sometimes deteriorates upon taking damage.
You are frail. (-10% HP)
You are somewhat resistant to further mutation.


Message History

The jumping spider bites you.
The wall freezes the jumping spider.
The jumping spider pounces on you.
The jumping spider bites you but does no damage.
The wall freezes the jumping spider.
The jumping spider leaps! x2
The wall freezes the jumping spider.
The jumping spider pounces on you!
* * * LOW HITPOINT WARNING * * *
You are even more entangled.
The jumping spider bites you.
* * * LOW HITPOINT WARNING * * *
The wall freezes the jumping spider!
You feel better.
The wall freezes the jumping spider.
The jumping spider closely misses you.
You riposte.
The jumping spider hisses angrily.
You slash the jumping spider!
The jumping spider is almost dead.
The jumping spider bites you but does no damage.
The wall freezes the jumping spider.
The jumping spider pounces on you!
* * * LOW HITPOINT WARNING * * *
The jumping spider barely misses you.
The wall freezes the jumping spider. x2
The jumping spider pounces on you!
You die...

##### #######
#P##.#.####s@ss.#
.......#s.s○..#
##P.#...##≈≈≈#
#P....####.Y.#
###### #..°###
.)>.°# #....#
##.#.# s#°.s#s#
###P.## # ###
##.## .###.###^#
#...# ###.###
#..### #s #.#
#..## ....^)##
#.## # ####..##


You could see 8 jumping spiders and a friendly ice beast.

Vanquished Creatures
  3 hydras
  A two-headed ogre (D:9)
  Urug (Lair:2)
  Nergalle (D:10)
  The ghost of TimmyIs the Conjurer, a novice DrCj of Vehumet (D:7)
  An unseen horror (D:11)
  An ugly thing (D:6)
  2 orc sorcerers (D:8)
  Maggie (D:10)
  4 spiny frogs (Lair:1)
  3 komodo dragons
  A kobold demonologist (D:8)
  3 trolls
  A tyrant leech (Lair:2)
  8 hippogriffs
  2 slime creatures (D:5)
  Grinder (D:3)
  A shadow (D:8)
  A wyvern (D:9)
  A vampire (D:6)
  2 hogs (D:7)
  5 yaks
  2 basilisks (Lair:2)
  A human (D:7)
  2 swamp worms (Lair:2)
  The ghost of Zorot the Stinger, an amateur OpVM (D:3)
  4 water moccasins
  5 porcupines
  3 orc warriors
  A necrophage (D:10)
  3 ice beasts
  3 ogres
  2 sky beasts
  4 phantoms
  5 centaurs
  12 wolves
  3 big kobolds
  4 bullfrogs
  5 crocodiles
  Blork the orc (D:5)
  A gnoll sergeant (D:9)
  6 scorpions
  7 killer bees
  5 wights
  4 howler monkeys
  3 crimson imps
  3 quasits
  4 jellies
  8 orc priests
  8 orc wizards
  2 hounds (D:8)
  A centaur skeleton (D:8)
  Jessica (D:3)
  A bullfrog skeleton (D:7)
  6 iguanas
  3 worker ants
  3 worker ant zombies
  A howler monkey skeleton (D:6)
  4 gnolls (D:9)
  7 adders
  A shadow imp (D:7)
  8 white imps (Lair:2)
  6 oozes (D:5)
  An adder zombie (D:9)
  2 adder skeletons
  4 dart slugs
  6 leopard geckos
  21 orcs
  5 giant cockroaches
  8 hobgoblins
  4 jackals (D:9)
  3 quokkas
  2 ball pythons
  7 bats
  5 frilled lizards
  12 goblins
  17 kobolds
  14 rats
310 creatures vanquished.

Vanquished Creatures (collateral kills)
  A hydra (Lair:2)
  A spiny frog (Lair:2)
  A scorpion (D:10)
  A killer bee (D:10)
  A bullfrog zombie (D:9)
  An orc priest (D:8)
  4 white imps (Lair:2)
10 creatures vanquished.

Vanquished Creatures (others)
  A hog (D:7)
  3 fungi
  2 plants (D:3)
  11 toadstools (D:5)
17 creatures vanquished.

Grand Total: 337 creatures vanquished

Notes
Turn   | Place    | Note
-------+----------+-------------------------------------------
     0 | D:1      | TimmyIs the Draconian Ice Elementalist began the quest for
                  | the Orb.
     0 | D:1      | Reached XP level 1. HP: 14/14 MP: 3/3
   117 | D:1      | Reached XP level 2. HP: 18/20 MP: 1/5
   759 | D:1      | Reached XP level 3. HP: 26/26 MP: 4/6
   765 | D:1      | Learned a level 3 spell: Frozen Ramparts
  1051 | D:2      | Found an iron altar of Okawaru.
  1105 | D:2      | You fall into a shaft and drop 2 floors!
  1138 | D:4      | Found a shimmering blue altar of Sif Muna.
  1151 | D:4      | Became a worshipper of Sif Muna the Loreminder
  1245 | D:3      | Found a sparkling altar of Nemelex Xobeh.
  1257 | D:3      | Noticed Jessica
  1266 | D:3      | Killed Jessica
  1360 | D:3      | Reached XP level 4. HP: 33/33 MP: 5/8
  1424 | D:3      | Reached skill level 5 in Ice Magic
  1591 | D:3      | Noticed Grinder
  1592 | D:3      | Reached XP level 5. HP: 25/38 MP: 5/10
  1602 | D:3      | HP: 1/38 [orc priest/divine providence (11)]
  1623 | D:3      | Paralysed by Grinder for 4 turns
  1755 | D:2      | Found an iron altar of Okawaru.
  1948 | D:2      | Learned a level 2 spell: Ensorcelled Hibernation
  2117 | D:2      | Found a glowing golden altar of the Shining One.
  2117 | D:2      | Found a hide-covered altar of Uskayaw.
  2537 | D:3      | Found a runed translucent gate.
  2538 | D:3      | Found a runed translucent gate.
  2544 | D:3      | Reached * piety under Sif Muna
  2547 | D:3      | Found a runed translucent gate.
  2547 | D:3      | Noticed Zorot's ghost (amateur OpVM)
  2635 | D:3      | Found a shattered altar of Ashenzari.
  2785 | D:3      | Found a shadowy altar of Dithmenos.
  2969 | D:3      | Reached skill level 1 in Axes
  3279 | D:4      | Reached XP level 6. HP: 40/45 MP: 6/11
  3752 | D:4      | Learned a level 4 spell: Hailstorm
  3793 | D:3      | Paralysed by Grinder for 4 turns
  3807 | D:3      | Killed Grinder
  3807 | D:3      | Your scales start taking on a dull iron-grey colour.
  3807 | D:3      | Reached XP level 7. HP: 21/51 MP: 5/13
  3807 | D:3      | Gained mutation: You can survive without breathing. [Grey
                  | Draconian growth]
  3953 | D:5      | Entered Level 5 of the Dungeon
  3953 | D:5      | Noticed Blork the orc
  3961 | D:5      | Killed Blork the orc
  4068 | D:5      | Noticed a slime creature
  4069 | D:5      | Noticed a slime creature
  4077 | D:5      | Reached skill level 5 in Spellcasting
  4090 | D:5      | Killed a slime creature
  4129 | D:5      | Killed a slime creature
  4129 | D:5      | Reached skill level 1 in Fighting
  4129 | D:5      | Reached XP level 8. HP: 38/59 MP: 6/16
  4314 | D:5      | Reached ** piety under Sif Muna
  4567 | D:5      | Found a blossoming altar of Fedhas.
  4629 | D:5      | Learned a level 3 spell: Stone Arrow
  4644 | D:5      | Found a sand-covered staircase.
  4715 | D:5      | Found a staircase to the Ecumenical Temple.
  5821 | D:6      | Reached skill level 1 in Earth Magic
  5902 | D:6      | Noticed a cyan ugly thing
  6117 | D:6      | Reached skill level 1 in Conjurations
  6117 | D:6      | Reached XP level 9. HP: 32/64 MP: 6/19
  6808 | D:6      | Found a radiant altar of Vehumet.
  6821 | D:6      | Learned a level 4 spell: Ice Form
  6874 | D:6      | Killed a cyan ugly thing
  7309 | D:7      | Found a runed translucent gate.
  7310 | D:7      | Found a runed translucent gate.
  7311 | D:7      | Found a runed translucent gate.
  7314 | D:7      | Noticed TimmyIs's ghost (novice DrCj)
  7371 | D:7      | Killed TimmyIs's ghost
  7371 | D:7      | Reached XP level 10. HP: 63/73 MP: 14/22
  7641 | D:7      | Reached *** piety under Sif Muna
  7690 | D:7      | Found an ancient bone altar of Kikubaaqudgha.
  7971 | D:7      | Found Unlytoin's Magic Scroll Emporium.
  8047 | D:7      | Noticed a moth of wrath
  8050 | D:7      | Found a bloodstained altar of Trog.
  8256 | D:8      | Found a shattered altar of Ashenzari.
  8284 | D:8      | Noticed a smoke demon
  8350 | D:8      | Got a transparent dagger
  8351 | D:8      | Identified the +5 dagger of Peril {venom, rC+ rN+ Str+3}
                  | (You found it on level 8 of the Dungeon)
  8380 | D:8      | Noticed an orc sorcerer
  8383 | D:8      | Noticed an orc sorcerer
  8387 | D:8      | Noticed a smoke demon
  8388 | D:8      | Killed an orc sorcerer
  8391 | D:8      | Noticed a sun demon
  8391 | D:8      | Killed an orc sorcerer
  8502 | D:8      | Noticed a seven-headed hydra
  8512 | D:8      | Killed a seven-headed hydra
  8519 | D:8      | Got a slimy hand axe
  8530 | D:8      | Identified the +8 hand axe "Ofi Tiaf" {vorpal, Dex+4} (You
                  | found it on level 8 of the Dungeon)
  8695 | D:8      | Learned a level 5 spell: Lee's Rapid Deconstruction
  8700 | D:8      | Learned a level 4 spell: Summon Ice Beast
  8719 | D:8      | Reached skill level 10 in Ice Magic
  8719 | D:8      | Reached skill level 5 in Earth Magic
  8865 | D:8      | Found the +8 arc blade {discharge, rElec}
  8874 | D:8      | Got a bloodstained scimitar
  8893 | D:8      | Identified the cursed +3 scimitar "Niaphaih" {vorpal, rN+
                  | Str+8 Dex+4} (You found it on level 8 of the Dungeon)
  9250 | D:8      | Found Tiapn's Weapon Boutique.
  9411 | D:8      | Found a white marble altar of Elyvilon.
  9704 | D:9      | Reached **** piety under Sif Muna
  9785 | D:9      | Found a stormy altar of Qazlal.
  9890 | D:9      | Noticed a two-headed ogre
  9904 | D:9      | Reached XP level 11. HP: 80/80 MP: 18/24
  9927 | D:9      | Killed a two-headed ogre
 10122 | D:9      | Reached skill level 1 in Invocations
 10711 | D:9      | Reached skill level 10 in Spellcasting
 10910 | D:9      | Reached skill level 1 in Long Blades
 11374 | D:10     | Entered Level 10 of the Dungeon
 11625 | D:10     | Noticed Maggie
 11634 | D:10     | Killed Maggie
 11841 | D:10     | Found a staircase to the Lair.
 11841 | D:10     | Noticed Nergalle
 11850 | D:10     | Killed Nergalle
 12036 | D:10     | Found a burning altar of Makhleb.
 12254 | D:3      | Reached ***** piety under Sif Muna
 12254 | D:3      | Killed Zorot's ghost
 12596 | D:10     | Reached skill level 5 in Conjurations
 12913 | D:10     | Found Saboiduo's Antique Weapon Shoppe.
 12960 | D:10     | Found Coumipn's Magic Scroll Shop.
 12963 | D:10     | Bought a scroll of identify for 28 gold pieces
 12963 | D:10     | Bought a scroll of identify for 28 gold pieces
 13076 | D:11     | Found a gate leading to a gauntlet.
 13090 | D:11     | Killed an unseen horror
 13326 | Lair:1   | Entered Level 1 of the Lair of Beasts
 14193 | Lair:1   | Upgraded the game from 0.25-a0-719-gde951dce62 to
                  | 0.25-a0-730-g633e9c3c14
 14540 | Lair:2   | Reached XP level 12. HP: 89/89 MP: 17/26
 14621 | Lair:2   | Found a runed translucent gate.
 14621 | Lair:2   | Found a runed translucent gate.
 14667 | Lair:2   | Found a runed translucent gate.
 14670 | Lair:2   | Noticed vurker's ghost (journeyman DEAE)
 14682 | Lair:2   | Noticed Urug
 14698 | Lair:2   | Killed Urug
 14700 | Lair:2   | Noticed a four-headed hydra
 14724 | Lair:2   | Identified Sif Muna's Volume of Battle Magic (Sif Muna
                  | gifted it to you on level 2 of the Lair of Beasts)
 14724 | Lair:2   | Received a gift from Sif Muna
 14724 | Lair:2   | Reached skill level 5 in Invocations
 14740 | Lair:2   | Found a frozen archway.
 15333 | Lair:2   | Reached skill level 5 in Dodging
 15760 | Lair:2   | Gained mutation: Your body sometimes deteriorates upon
                  | taking damage. [potion of mutation]
 15760 | Lair:2   | Gained mutation: You are frail. (-10% HP) [potion of
                  | mutation]
 15760 | Lair:2   | Gained mutation: You are somewhat resistant to further
                  | mutation. [potion of mutation]
 15768 | Lair:2   | Noticed a seven-headed hydra
 15769 | Lair:2   | Noticed a five-headed hydra
 15779 | Lair:2   | HP: 4/80 [five-headed hydra (10)]
 15795 | Lair:2   | HP: 1/120 [five-headed hydra (10)]
 16295 | Lair:2   | Killed a seven-headed hydra
 16299 | Lair:2   | Killed a six-headed hydra
 16299 | Lair:2   | Reached skill level 1 in Summonings
 16411 | Lair:2   | Noticed a four-headed hydra
 16420 | Lair:2   | Killed a four-headed hydra
 16635 | Lair:2   | Found a staircase to the Swamp.
 16859 | Lair:3   | Reached skill level 1 in Transmutations
 17339 | Lair:3   | Found a hole to the Spider Nest.
 17349 | Lair:3   | Slain by a jumping spider

Levels and vault maps discovered:
D:1:      lightli_arrival_boilingwater, layout_basic
D:2:      layout_loops_ring, lemuel_crystal_altar,
          gammafunk_temple_overflow_elements, okawaru_ov_weapons_minmay
D:3:      layout_loops_ring, lemuel_coloured_pillars_altar, lemuel_doored_altar,
          first_ration, gammafunk_ghost_nasty_kobolds, minivault_11,
          evilmike_ruin_ashenzari, uniq_jessica, uniq_grinder
D:4:      layout_rooms, lemuel_round_altar, feat_on_display
D:5:      cheibrodos_fertilizer, layout_basic, fedhas_altar_2,
          minmay_temple_entry_statues_fountains, nicolae_ossuary_entry_ruins,
          uniq_blork_the_orc
D:6:      layout_loops_ring, marbit_many_paths, minmay_manual_mandibuliform
D:7:      layout_basic, kiku_gazebo_garden_becter, tgw_trog,
          ebering_ghost_rock_garden, serial_shops, kennysheep_mini,
          grunt_livestock
D:8:      minmay_the_grid_plus [minmay_the_grid_expand,
          minmay_the_grid_tri_star, minmay_the_grid_outer_diamond,
          minmay_the_grid_medium_cups,
          minmay_the_grid_prize_four_corners_diamond_b], layout_cave_pools,
          elyvilon_altar_3, basic_altar, serial_shops,
          nicolae_shop_window_shopping, minmay_misc_feat_pillars
D:9:      minmay_recursive_quarters, layout_long_grid, grunt_qazlal_sundering,
          kennysheep_donut
D:10:     layout_roguey, lair_entry_dummy, serial_shops, kennysheep_mini_moat,
          shop, basic_altar, uniq_nergalle, uniq_maggie
D:11:     layout_cave_pools, orc_0_dummy, gauntlet_entry_generic
Lair:1:   layout_chaotic_city, minmay_shattered_shrine,
          infiniplex_staircase_pool_2
Lair:2:   layout_hall_layers, palyth_hydra_swamp_entry,
          portal_ice_cave_entry_imps, gammafunk_ghost_split, uniq_urug
Lair:3:   layout_loops_ring, nicolae_spider_entry_tight_spaces,
          cheibrodos_lair_caveside_slide

Skill      XL: |  1  2  3  4  5  6  7  8  9 10 11 12 |
---------------+-------------------------------------+-----
Dodging        | 2 3 4 5 |  5.4
Stealth        | 2 3 |  3.8
Spellcasting   | 3 4 5 6 8 9 10 11 | 11.2
Ice Magic      | 5 6 7 8 9 10 11 | 11.1
Axes           | 1 2 3 4 |  4.3
Fighting       | 1 2 3 |  3.5
Earth Magic    | 1 4 5 6 |  6.2
Conjurations   | 1 3 4 5 6 |  6.0
Invocations    | 4 6 |  6.0
Long Blades    | 1 3 |  3.1
Summonings     | 1 |  1.3
Transmutations | 1 |  1.0

Action                   |  1- 3 |  4- 6 |  7- 9 | 10-12 || total
-------------------------+-------+-------+-------+-------++-------
Melee: Hand axe          |    15 |    32 |    67 |    22 ||   136
       Unarmed           |     1 |       |       |     2 ||     3
       Tailslap          |     1 |     3 |    10 |    25 ||    39
       Scimitar          |       |       |       |    63 ||    63
       Dagger            |       |       |       |     2 ||     2
 Cast: Freeze            |    40 |    45 |    29 |    61 ||   175
       Frozen Ramparts   |     2 |    15 |    28 |    50 ||    95
       Ensorcelled Hiber |       |     1 |       |       ||     1
       Stone Arrow       |       |       |    34 |   146 ||   180
       Hailstorm         |       |       |     2 |    21 ||    23
       Summon Ice Beast  |       |       |       |    16 ||    16
       Lee's Rapid Decon |       |       |       |     3 ||     3
       Ice Form          |       |       |       |     1 ||     1
       Dragon Form       |       |       |       |     1 ||     1
Invok: Divine Exegesis   |       |       |       |     1 ||     1
Evoke: Wand              |       |     1 |       |       ||     1
  Use: Potion            |       |     3 |       |     7 ||    10
       Scroll            |       |     7 |       |    25 ||    32
 Stab: Sleeping          |       |     1 |       |     1 ||     2
  Eat: Chunk             |     2 |     8 |     3 |    16 ||    29
       Ration            |       |       |     3 |     5 ||     8
Armor: Skin              |    14 |    17 |    54 |   205 ||   290
Dodge: Dodged            |    36 |    38 |    73 |   278 ||   425
       Rpst.: Scimitar   |       |       |       |    58 ||    58

Table legend:
 A = Non-vault XP
 B = Vault XP
 C = Vault XP percentage of total XP
 D = Non-vault monster count
 E = Vault monster count
 F = Vault count percentage of total count
                 A         B        C        D         E       F
            +---------+---------+-------+---------+---------+-------
      Total |   15315 |   15027 |  49.5 |     225 |      96 |  29.9
            +---------+---------+-------+---------+---------+-------
        D:1 |      43 |       0 |   0.0 |      26 |       0 |   0.0
        D:2 |      43 |       0 |   0.0 |      11 |       0 |   0.0
        D:3 |     234 |     547 |  70.0 |      28 |      11 |  28.2
        D:4 |     180 |       0 |   0.0 |      12 |       0 |   0.0
        D:5 |     486 |     874 |  64.3 |      13 |      18 |  58.1
        D:6 |     435 |    1048 |  70.7 |      12 |       6 |  33.3
        D:7 |    1033 |    1734 |  62.7 |      14 |      11 |  44.0
        D:8 |     385 |    3787 |  90.8 |       8 |      20 |  71.4
        D:9 |    1526 |    1601 |  51.2 |      30 |       6 |  16.7
       D:10 |    2713 |    1205 |  30.8 |      30 |       2 |   6.2
       D:11 |    1009 |       0 |   0.0 |       2 |       0 |   0.0
     Lair:1 |    2010 |     937 |  31.8 |       8 |       3 |  27.3
     Lair:2 |    3803 |    3294 |  46.4 |      20 |      19 |  48.7
     Lair:3 |    1415 |       0 |   0.0 |      11 |       0 |   0.0
            +---------+---------+-------+---------+---------+-------
